Map: 바니 연구소 (공허의 유산)

Players

Maru - Winner!

  • Race: Terran Terran
  • League: Master
  • Spawn Location: 12:00

愛蜜莉雅

  • Race: Protoss Protoss
  • League: Diamond
  • Spawn Location: 6:00

VOD

Have the link to the VOD?

Description

Time

  • Played on: Nov. 29, 2016, 8:33 a.m.
  • Length: 15:33
Show
View Real Time Build Order
Export as new Build Order

Maru Terran - Winner!

Build Orders: Reaper Expand, MMM Bio 

Get SALT Encoding   

  12  0:00  SCV  
  13  0:12  SCV  
  14  0:17  Supply Depot  
  14  0:25  SCV  
  15  0:29  Refinery  
  15  0:39  SCV  
  16  0:45  Barracks  
  16  0:51  SCV  
  17  1:03  SCV  
  18  1:15  SCV  
  19  1:32  Orbital Command, Reaper  
  20  1:47  Command Center  
  20  1:58  Factory  
  20  2:02  SCV  
  20  2:06  Barracks Reactor  
  21  2:15  SCV  
  22  2:17  Supply Depot  
  22  2:25  Refinery  
  22  2:27  SCV  
  23  2:39  SCV  
  23  2:43  Widow Mine, Marine  
  23  2:44  Marine  
  28  2:51  Starport  
  28  2:53  SCV  
  29  3:01  Marine x2  
  32  3:06  Orbital Command  
  31  3:13  Factory Tech Lab  
  31  3:16  SCV  
  32  3:21  Marine x2  
  33  3:28  Starport Tech Lab  
  33  3:31  Siege Tank, SCV  
  37  3:38  Marine  
  37  3:39  Marine  
  39  3:46  SCV x2  
  39  3:48  Supply Depot  
  41  3:59  Raven  
  41  4:00  Refinery  
  41  4:01  Marine x2  
  45  4:05  Bunker  
  45  4:10  SCV x2  
  47  4:22  Siege Tank  
  47  4:23  Marine x2  
  52  4:26  SCV  
  52  4:31  Supply Depot  
  52  4:38  SCV x2  
  54  4:49  Barracks  
  55  4:52  SCV  
  55  4:57  Supply Depot  
  55  4:59  SCV  
  56  5:03  Medivac  
  58  5:07  SCV  
  58  5:13  Siege Tank  
  62  5:23  Supply Depot  
  62  5:41  Stimpack  
  62  5:44  SCV x2, Marine x3  
  67  5:51  Barracks  
  67  5:53  Siege Tank  
  70  5:59  Starport Reactor  
  70  6:01  SCV  
  70  6:02  SCV, Marine x2  
  73  6:11  Engineering Bay  
  73  6:13  SCV  
  73  6:15  Supply Depot  
  73  6:16  Marine  
  75  6:20  SCV, Marine  
  77  6:25  SCV  
  78  6:35  Engineering Bay, Factory Tech Lab  
  78  6:36  SCV  
  78  6:37  SCV  
  78  6:38  Supply Depot  
  80  6:51  SCV x2  
  82  6:56  Command Center  
  82  6:58  Liberator  
  82  7:02  Liberator, Terran Infantry Weapons Level 1, Terran Infantry Armor Level 1  
  81  7:09  Marauder x2, Marine x2  
  81  7:14  Supply Depot  
  87  7:20  SCV  
  94  7:23  Refinery  
  94  7:32  Supply Depot  
  94  7:34  Combat Shields  
  94  7:36  Siege Tank, SCV x2  
  99  7:38  Supply Depot  
  99  7:42  Missile Turret  
  99  7:48  Marine, SCV x2  
  99  7:49  Missile Turret  
  102  7:53  Marine x3  
  105  8:00  Medivac  
  105  8:02  Medivac  
  109  8:06  Barracks  
  109  8:09  Barracks  
  109  8:12  Siege Tank  
  112  8:13  Marine  
  112  8:14  Marine x2  
  112  8:15  Marine  
  112  8:19  Missile Turret  
  116  8:24  Orbital Command  
  116  8:35  SCV x2  
  116  8:38  Armory  
  118  8:44  Marauder x2  
  118  8:46  Missile Turret  
  122  8:50  Orbital Command  
  122  8:54  Barracks Tech Lab  
  122  9:00  Marine x2  
  122  9:01  Concussive Shells  
  124  9:03  SCV x2  
  124  9:04  Supply Depot  
  124  9:05  Marauder x2  
  130  9:15  SCV  
  131  9:22  Missile Turret  
  131  9:23  Barracks Reactor  
  131  9:26  Marine x3  
  131  9:27  Terran Infantry Weapons Level 2  
  131  9:28  Terran Infantry Armor Level 2  
  132  9:40  Missile Turret  
  132  9:41  Missile Turret  
  132  9:42  Supply Depot  
  132  9:43  Supply Depot  
  132  9:46  Medivac  
  132  9:48  SCV x2  
  132  9:51  Medivac  
  132  9:52  SCV  
  139  9:54  Marine  
  140  10:01  Marine  
  140  10:03  Marauder, Marine  
  140  10:05  Factory Reactor  
  144  10:10  Refinery x2  
  144  10:13  Liberator x2  
  145  10:14  Marauder x2  
  145  10:16  Marine  
  147  10:25  Marauder  
  147  10:26  SCV x3  
  156  10:36  Supply Depot  
  156  10:37  Supply Depot  
  156  10:38  Supply Depot  
  156  10:39  Supply Depot  
  156  10:47  Widow Mine x2  
  160  10:50  Marine x2  
  160  10:51  Marauder, Marine  
  165  10:58  Marine x2  
  165  10:59  Liberator x2  
  165  11:04  Marauder, Supply Depot  
  169  11:08  Marine x2  
  169  11:09  Marine  
  172  11:16  Widow Mine  
  180  11:31  Marauder x2, Marine x2  
  186  11:34  Widow Mine  
  186  11:37  Ghost Academy  
  188  11:45  Terran Infantry Weapons Level 3, Terran Infantry Armor Level 3  
  188  11:49  Marine  
  188  11:50  Marauder  
  179  11:55  Marine x2  
  179  11:56  Marauder  
  180  12:02  Marauder, Marine  
  180  12:07  Marine  
  182  12:13  Marine x2  
  182  12:14  Marauder  
  186  12:17  Marauder  
  186  12:19  Marine  
  189  12:23  Marauder  
  189  12:25  Marine  
  189  12:28  Liberator  
  191  12:31  Marine x2  
  191  12:35  Marauder  
  195  12:38  Marauder  
  200  13:00  Marine  
  200  13:19  Marine  
  200  13:25  Barracks  
  200  13:26  Barracks  
  200  13:28  Barracks  
  200  13:30  Barracks  
  200  13:31  Barracks  
  200  13:38  Command Center  
  200  14:02  Medivac  
  196  14:21  Barracks Tech Lab  
  196  14:22  Barracks Reactor, Barracks Tech Lab x2  
  179  14:31  Marine x2  
  179  14:32  Marauder x2  
  179  14:35  Medivac  
  179  14:36  Medivac, Marine x2  
  187  14:49  Marine  
  186  14:57  Ghost x4  
  186  14:58  Ghost  
  190  15:04  Marine  
  190  15:05  Marauder  
Show
View Real Time Build Order
Export as new Build Order

愛蜜莉雅 Protoss 

Build Orders: 1 Gate Expand, Blink Stalkers 

Get SALT Encoding   

  12  0:01  Probe (Chrono Boost)  
  13  0:11  Probe (Chrono Boost)  
  14  0:18  Pylon  
  14  0:22  Probe (Chrono Boost)  
  15  0:36  Probe (Chrono Boost)  
  15  0:37  Gateway  
  16  0:47  Probe (Chrono Boost)  
  16  0:48  Assimilator  
  17  0:57  Probe (Chrono Boost)  
  18  1:08  Probe (Chrono Boost)  
  19  1:19  Nexus  
  19  1:23  Probe (Chrono Boost)  
  20  1:32  Cybernetics Core  
  20  1:36  Probe (Chrono Boost)  
  21  1:42  Assimilator  
  22  1:47  Probe (Chrono Boost)  
  22  1:52  Pylon  
  22  1:57  Probe (Chrono Boost)  
  23  2:06  Stalker  
  23  2:10  Warp Gate  
  23  2:12  Probe (Chrono Boost)  
  27  2:23  Twilight Council  
  27  2:24  Probe (Chrono Boost)  
  27  2:32  Probe (Chrono Boost)  
  27  2:33  Stalker  
  27  2:36  Probe (Chrono Boost)  
  29  2:42  Probe (Chrono Boost)  
  32  2:48  Probe (Chrono Boost)  
  33  2:53  Probe (Chrono Boost)  
  34  3:00  Stalker  
  34  3:02  Probe (Chrono Boost)  
  37  3:07  Pylon  
  37  3:16  Blink  
  37  3:17  Probe x2 (Chrono Boost)  
  39  3:27  Gateway  
  39  3:29  Gateway  
  41  3:34  Probe x2 (Chrono Boost)  
  41  3:38  Gateway  
  41  3:45  Probe (Chrono Boost)  
  44  3:55  Gateway  
  44  3:56  Mothership Core (Chrono Boost)  
  44  3:58  Assimilator  
  44  4:00  Probe (Chrono Boost), Pylon  
  45  4:07  Pylon  
  45  4:14  Probe x2 (Chrono Boost)  
  47  4:27  Probe (Chrono Boost)  
  47  4:28  Stalker  
  47  4:29  Stalker x2  
  54  4:31  Probe (Chrono Boost)  
  54  4:34  Pylon  
  54  4:38  Probe (Chrono Boost)  
  56  4:39  Stalker  
  56  4:42  Probe (Chrono Boost)  
  56  4:45  Dark Shrine  
  59  4:53  Stalker x2  
  59  4:55  Stalker  
  59  4:59  Stalker  
  67  5:04  Probe (Chrono Boost), Assimilator  
  68  5:09  Pylon, Probe (Chrono Boost)  
  69  5:14  Probe (Chrono Boost)  
  69  5:20  Probe (Chrono Boost)  
  71  5:25  Probe (Chrono Boost)  
  72  5:29  Pylon  
  72  5:30  Pylon  
  72  5:31  Probe (Chrono Boost)  
  73  5:40  Nexus  
  73  5:43  Probe x2 (Chrono Boost)  
  73  5:44  Adept  
  77  6:05  Probe (Chrono Boost)  
  77  6:10  Probe (Chrono Boost)  
  79  6:12  Nexus  
  79  6:13  Pylon  
  79  6:15  Probe (Chrono Boost)  
  80  6:18  Gateway  
  80  6:19  Gateway  
  80  6:20  Probe (Chrono Boost)  
  81  6:26  Probe (Chrono Boost)  
  81  6:31  Probe (Chrono Boost), Pylon  
  83  6:37  Probe (Chrono Boost)  
  84  6:41  Probe (Chrono Boost)  
  84  6:46  Stalker x4  
  93  6:47  Stalker  
  93  6:52  Probe (Chrono Boost)  
  93  6:53  Probe (Chrono Boost)  
  97  6:55  Gateway  
  97  7:02  Probe (Chrono Boost)  
  97  7:03  Probe (Chrono Boost)  
  99  7:09  Gateway  
  99  7:12  Gateway  
  100  7:16  Probe x2 (Chrono Boost)  
  100  7:17  Probe (Chrono Boost)  
  102  7:25  Probe (Chrono Boost)  
  102  7:26  Probe (Chrono Boost)  
  102  7:29  Pylon  
  104  7:34  Stalker x4  
  104  7:35  Stalker x3  
  118  7:39  Probe x2 (Chrono Boost)  
  118  7:40  Probe x2 (Chrono Boost)  
  122  7:45  Pylon  
  122  7:46  Pylon  
  122  8:01  Probe x3 (Chrono Boost)  
  122  8:03  Probe (Chrono Boost)  
  126  8:05  Sentry  
  126  8:06  Sentry x3  
  126  8:08  Pylon  
  126  8:10  Pylon  
  134  8:13  Pylon  
  134  8:24  Pylon  
  134  8:26  Pylon  
  134  8:40  Robotics Facility  
  132  8:46  Stalker x3  
  132  8:47  Stalker x6  
  132  8:48  Stalker  
  152  8:58  Resonating Glaives  
  152  9:10  Dark Templar  
  152  9:13  Assimilator  
  152  9:14  Nexus, Assimilator  
  152  9:15  Pylon, Assimilator  
  154  9:17  Dark Templar  
  154  9:19  Assimilator  
  156  9:27  Immortal  
  158  9:47  Forge  
  158  9:48  Probe x3 (Chrono Boost)  
  158  9:49  Forge  
  158  9:50  Probe (Chrono Boost)  
  162  9:53  Pylon  
  162  9:59  Gateway  
  162  10:01  Pylon  
  162  10:05  Gateway  
  162  10:06  Gateway  
  162  10:08  Gateway  
  162  10:09  Pylon  
  162  10:14  Warp Prism  
  158  10:21  Protoss Ground Armor Level 1  
  158  10:23  Protoss Ground Weapons Level 1  
  158  10:37  Pylon  
  158  10:47  Pylon  
  158  10:50  Robotics Facility  
  158  10:51  Robotics Facility  
  158  10:55  Robotics Bay  
  158  10:56  Immortal  
  162  11:00  Probe (Chrono Boost)  
  162  11:01  Probe (Chrono Boost)  
  162  11:02  Probe (Chrono Boost)  
  162  11:03  Probe (Chrono Boost)  
  166  11:09  Assimilator  
  166  11:12  Assimilator  
  166  11:17  Gateway  
  166  11:21  Gateway  
  164  11:32  Stalker x5  
  170  11:33  Stalker x2  
  170  11:37  Colossus  
  170  11:38  Colossus x2  
  138  11:58  Stalker x4  
  136  12:04  Stalker x5  
  142  12:25  Colossus  
  142  12:28  Stalker  
  142  12:29  Stalker x6  
  156  12:30  Stalker x5  
  183  12:45  Pylon  
  183  12:52  Adept  
  183  12:53  Adept x7  
  189  13:09  Stalker x3  
  180  13:17  Adept x8  
  194  13:26  Robotics Facility x2  
  194  13:27  Robotics Facility  
  179  13:36  Dark Templar x2  
  179  13:38  Dark Templar  
  166  13:47  Pylon  
  159  13:48  Pylon  
  159  13:51  Pylon  
  159  14:00  Adept x8  
  175  14:07  Pylon  
  175  14:09  Pylon  
  175  14:11  Pylon  
  136  14:38  Adept x8  
  126  14:39  Adept  
  140  14:53  Immortal x2  
  140  14:54  Immortal  
  140  14:55  Robotics Bay  
  152  15:01  Forge  
  152  15:03  Forge  
  152  15:11  Nexus  
  92  15:29  Adept x5  
Tags
 
Add a new tag
Caveats
  • Supply blocks, unpowered buildings, or Contaminate may cause inaccurate times.
  • Supply counts are checked every 10 seconds.